 Dungeon Crawl Stone Soup version 0.30-a0-297-g0ec75d9ef4 (webtiles) character file.

Game seed: 15129588443673382087

527 Caerun the Conjurer (level 7, -1/58 HPs)
             Began as a Naga Conjurer on Oct 19, 2022.
             Was a Follower of Cheibriados.
             Slain by a gnoll sergeant
             ... wielding a +0 trident
              (10 damage)
             ... on level 5 of the Dungeon.
             The game lasted 00:07:02 (4130 turns).

Caerun the Conjurer (Naga Conjurer)                 Turns: 4130, Time: 00:07:03

Health: -1/58      AC:  4    Str: 12    XL:     7   Next: 23%
Magic:  12/12      EV:  9    Int: 20    God:    Cheibriados [*.....]
Gold:   358        SH:  0    Dex: 13    Spells: 10/13 levels left

rFire   . . .      SeeInvis +    l - +2 dagger (venom)
rCold   . . .      Faith    .    (no shield)
rNeg    . . .      Spirit   .    d - +0 leather armour
rPois   +          Reflect  .    (no helmet)
rElec   .          Harm     .    (no cloak)
rCorr   .          Rampage  .    (no gloves)
Will    +....                    (no barding)
Stlth   +++.......               k - amulet of magic regeneration
HPRegen 0.29/turn                c - ring of willpower
MPRegen 0.53/turn                (no ring)

@: very slow
A: AC +2, large, see invisible, deformed body, poison resistance, slowness 2,
spit poison 1, naga tail 1
a: Spit Poison, Renounce Religion, Bend Time


You were on level 5 of the Dungeon.
You worshipped Cheibriados.
Cheibriados was aware of your devotion.
You visited 2 branches of the dungeon, and saw 6 of its levels.

You collected 358 gold pieces.

Inventory:

Hand Weapons
 l - a +2 dagger of venom (weapon)
Missiles
 m - a throwing net
Armour
 d - a +0 leather armour (worn)
Jewellery
 c - a ring of willpower (left hand)
 k - an amulet of magic regeneration (around neck)
Scrolls
 e - 3 scrolls of identify {unknown}
 h - a scroll of teleportation {unknown}
 i - a scroll of butterflies {unknown}
 p - a scroll of magic mapping {unknown}
 q - a scroll of enchant weapon {unknown}
 r - a scroll of immolation {unknown}
 t - a scroll of fear {unknown}
Potions
 a - 2 potions of flight {unknown}
 b - a potion of magic
 f - 3 potions of cancellation {unknown}
 g - a potion of lignification {unknown}
 j - 2 potions of curing {unknown}
 n - a potion of degeneration {unknown}
 o - 3 potions of brilliance {unknown}
 s - a potion of haste {unknown}


   Skills:
 + Level 1.7 Fighting
 + Level 1.0 Short Blades
 + Level 2.0 Armour
 + Level 2.0 Dodging
 * Level 5.1 Stealth
 + Level 3.7 Spellcasting
 + Level 5.9 Conjurations


You had 10 spell levels left.
You knew the following spells:

 Your Spells              Type           Power      Damage    Failure   Level
a - Magic Dart            Conj           100%       1d8       1%          1
b - Searing Ray           Conj           54%        2d6       2%          2

Your spell library contained the following spells:

 Spells                   Type           Power      Damage    Failure   Level
 Dazzling Flash           Conj/Hex       30%        N/A       16%         3
 Summon Small Mammal      Summ           12%        N/A       17%         1
 Call Canine Familiar     Summ           3%         N/A       45%         3
 Inner Flame              Hex/Fire       3%         N/A       45%         3
 Summon Guardian Golem    Hex/Summ       3%         N/A       45%         3
 Fulminant Prism          Conj/Hex       7%         3d7       45%         4
 Iskenderun's Mystic Bla  Conj/Tloc      15%        2d5       45%         4
 Cause Fear               Hex            1%         N/A       86%         4
 Discord                  Hex            1%         N/A       100%        8


Dungeon Overview and Level Annotations

Branches:
Dungeon (5/15)             Temple (1/1) D:4

Altars:
Ashenzari
Cheibriados
Dithmenos
Elyvilon
Fedhas
Gozag
Hepliaklqana
Kikubaaqudgha
Makhleb
Nemelex Xobeh
Okawaru
Qazlal
Ru
Trog
Uskayaw
Vehumet
Wu Jian
Xom
Yredelemnul
Zin
The Shining One

Shops:
D:4 *

Annotations:
Temple 2 transporters


Innate Abilities, Weirdness & Mutations

Your serpentine skin is tough. (AC +2)
You have supernaturally acute eyesight. (SInv)
Armour fits poorly on your strangely shaped body.
Your system is resistant to poisons. (rPois)
You cover ground very slowly.
You can spit poison.
You have a snake-like lower body.


Message History

A gnoll sergeant comes into view. It is wielding a +0 trident.
The searing ray hits the gnoll.
The gnoll is heavily wounded.
The searing ray hits the gnoll but does no damage.
The gnoll shouts!
The gnoll sergeant shouts!
The gnoll shouts!
The gnoll closely misses you.
The searing ray hits the gnoll!
You kill the gnoll!
Cheibriados appreciates the change of pace.
The searing ray misses the gnoll. x2; The searing ray hits the gnoll.
The gnoll is moderately wounded.
The gnoll sergeant barely misses you.
The searing ray hits the gnoll.
The gnoll is heavily wounded.
The searing ray hits the gnoll!
The gnoll is heavily wounded.
You finish channelling your searing ray.
The gnoll sergeant hits you from afar with a +0 trident!
The gnoll barely misses you. The gnoll hits you with a +0 whip.
The gnoll hits you with a +0 club.
The searing ray hits the gnoll.
The gnoll is severely wounded.
The searing ray misses the gnoll.
The searing ray hits the gnoll.
The gnoll is severely wounded. (Press . to maintain the ray.)
The gnoll sergeant completely misses you.
The gnoll attacks as you move away! The gnoll hits you with a +0 club.
The gnoll closely misses you. x2
The gnoll sergeant hits you from afar with a +0 trident.
The gnoll hits you with a +0 club. The gnoll misses you.
The gnoll attacks as you move away! The gnoll hits you with a +0 whip.
The gnoll sergeant hits you from afar with a +0 trident!
The gnoll hits you with a +0 whip.
* * * LOW HITPOINT WARNING * * *
There is a stone staircase leading down, spattered with blood here.
The gnoll attacks as you move away! The gnoll hits you with a +0 whip.
* * * LOW HITPOINT WARNING * * *
The gnoll sergeant hits you from afar with a +0 trident!
You die...

#.........#....# #.#
#..######.#....####.#
#..#...<#.#.......#.#
#..#.####.#.#'###.#.#
#..#............#.#.#
#....####.#.###.#.#.# #..#.#
#.#.# #.#.#.# #..#.# #.#.#
#.#.#.######## #.##.####.#@#
#.#.#.#.)...)^ ###
#+..........g###.#.#.#)######
#.# #..##.####.#g....#.#.#)#
..# #.####.##)#
#.#.#####.#.#.# #.#
.......##.# #.#gg.....#.#.#
#.# ..........#
#.#.#######.#.# #.#
...######## #...........#.#
#.# ...# ###)#########.# ##†#
...# ... #.# #...


You could see a gnoll sergeant and 3 gnolls.

Vanquished Creatures
  A necrophage (D:5)
  2 scorpions
  2 orc priests (D:5)
  A jelly (D:3)
  4 iguanas
  A gnoll (D:5)
  5 adders
  2 worms
  2 dart slugs
  15 orcs
  8 endoplasms
  A giant cockroach (D:3)
  4 goblins
  9 hobgoblins
  4 jackals
  A quokka (D:2)
  7 ball pythons
  3 bats (D:2)
  A frilled lizard (D:1)
  7 kobolds
  5 rats
85 creatures vanquished.

Vanquished Creatures (others)
  7 fungi (D:2)
  8 plants
  4 toadstools (D:1)
19 creatures vanquished.

Grand Total: 104 creatures vanquished

Notes
Turn   | Place    | Note
-------+----------+-------------------------------------------
     0 | D:1      | Caerun the Naga Conjurer began the quest for the Orb.
     0 | D:1      | Reached XP level 1. HP: 15/15 MP: 3/3
   188 | D:1      | Reached XP level 2. HP: 22/22 MP: 1/5
   992 | D:2      | Reached XP level 3. HP: 28/28 MP: 2/6
   995 | D:2      | Learned a level 2 spell: Searing Ray
  1693 | D:2      | Reached skill level 5 in Conjurations
  1735 | D:2      | Found a faded altar of an unknown god.
  1944 | D:2      | Reached XP level 4. HP: 37/37 MP: 3/7
  2312 | D:3      | Reached skill level 1 in Fighting
  2386 | D:3      | Found a hide-covered altar of Uskayaw.
  2390 | D:3      | Reached XP level 5. HP: 44/44 MP: 6/8
  2790 | D:4      | Found a staircase to the Ecumenical Temple.
  2796 | Temple   | Entered the Ecumenical Temple
  2796 | Temple   | Found a transporter.
  2796 | Temple   | Found a transporter.
  2802 | Temple   | Found a transporter.
  2802 | Temple   | Found a transporter.
  2832 | Temple   | Became a worshipper of Cheibriados the Contemplative
  3189 | D:4      | Reached skill level 1 in Armour
  3189 | D:4      | Reached XP level 6. HP: 51/51 MP: 6/10
  3363 | D:4      | Found Imogom's Lightly-Used Armoury.
  3563 | D:5      | Entered Level 5 of the Dungeon
  3842 | D:5      | Reached * piety under Cheibriados
  3912 | D:5      | Reached skill level 5 in Stealth
  3912 | D:5      | Reached XP level 7. HP: 58/58 MP: 9/12
  3936 | D:5      | Found a glowing silver altar of Zin.
  3937 | D:5      | Found a broken altar of Ashenzari.
  3938 | D:5      | Found a glowing golden altar of the Shining One.
  3970 | D:5      | Reached skill level 1 in Short Blades
  4130 | D:5      | Slain by a gnoll sergeant

Illustrated notes

Levels and vault maps discovered:
D:1:      scummos_arrival_star, layout_loops_ring, minmay_gold_behind_fungi,
          serial_bayou_pond_d, minmay_box_of_dots
D:2:      layout_loops_corners, dreamdust_ecumenical_altar_grove
D:3:      layout_basic, eat_drink_and_be_merry_uskayaw
D:4:      layout_basic, minmay_temple_entry_trees, minmay_shop_damaged,
          minmay_distorted
D:5:      layout_basic, lemuel_doored_altar, grunt_temple_overflow_open,
          gammafunk_ghost_grave, kennysheep_pointless_box
Temple:   hellmonk_temple_divided_pantheon

Skill      XL: |  1  2  3  4  5  6  7 |
---------------+----------------------+-----
Conjurations   | 5 |  5.9
Fighting       | 1 |  1.7
Stealth        | 4 5 |  5.1
Spellcasting   | 3 |  3.7
Armour         | 1 2 |  2.0
Dodging        | 2 |  2.0
Short Blades   | 1 |  1.0

Action                   |  1- 3 |  4- 6 |  7- 9 || total
-------------------------+-------+-------+-------++-------
Melee: Dagger            |    28 |    57 |       ||    85
       Punch             |       |     2 |       ||     2
 Cast: Magic Dart        |    77 |   103 |     4 ||   184
       Searing Ray       |       |       |     4 ||     4
Armor: Robe              |     1 |       |       ||     1
       Leather armour    |       |    11 |       ||    11
Dodge: Dodged            |    16 |    18 |     8 ||    42

Table legend: (Time is in decaauts)
 A = Elapsed time spent in this place.
 B = Non-inter-level travel time spent in this place.
 C = Inter-level travel time spent in this place.
 D = Time resting spent in this place.
 E = Time spent auto-exploring this place.
 F = Levels seen in this place.
 G = Mean time per level.
                   A        B        C        D        E       F      G
               +--------+--------+--------+--------+--------+-----+--------+
         Total |   5437 |   5298 |    139 |    198 |   4416 |   6 |  906.2 |
       Dungeon |   5362 |   5223 |    139 |    198 |   4416 |   5 | 1072.4 |
        Temple |     75 |     75 |      0 |      0 |      0 |   1 |   75.0 |
               +--------+--------+--------+--------+--------+-----+--------+

Top non-repeatable levels by time:
     D:2: 1351 daAuts
     D:1: 1131 daAuts
     D:4: 1070 daAuts
     D:3: 1027 daAuts
     D:5: 781 daAuts
  Temple: 75 daAuts
